TOP OF THE 1ST |
Reno Aces batting - Pitching for Las Vegas 51s : RHP Ryan Stegall
|
Pitching: RHP Ryan Stegall
|
|
Batting: RHB Joe Smack
|
0-0: Called Strike 0-1: Foul Ball, location: 2F 0-2: Ball 1-2: Ground out 6-3 (Groundball, 6, EV 94.4 MPH)
|
Batting: LHB Steve Reinhart
|
0-0: SINGLE (Line Drive, 7S, EV 89.4 MPH)
|
Batting: RHB Andy Swaim
|
0-0: DOUBLE (Flyball, 78D, EV 96.9 MPH) Steve Reinhart to third Runner from 3rd tries for Home, SAFE, throw by CF to home
|
Batting: SHB Salvador Aragon
|
0-0: Ball 1-0: Ball 2-0: Reached on error, E6 (Groundball, 6MS, EV 70.0 MPH) Andy Swaim scores
|
Batting: LHB Jeff Densmore
|
0-0: Called Strike 0-1: Ball 1-1: Ball 2-1: SINGLE (Groundball, 34D, EV 87.5 MPH) (infield hit) Salvador Aragon to third
|
Batting: RHB Mario Soto
|
0-0: Ball Jeff Densmore steals 2nd base 1-0: 3-RUN HOME RUN (Flyball, 78XD, EV 104.4 MPH), Distance : 414 ft
|
Batting: RHB Scott Travis
|
0-0: Ball 1-0: Ball 2-0: Ball 3-0: Base on Balls
|
Batting: RHB Alex Vasquez
|
0-0: Ball 1-0: Called Strike 1-1: Foul Ball, location: 2F 1-2: SINGLE (Groundball, 6MD, EV 98.8 MPH) Scott Travis to second Runner from 2nd tries for 3rd, SAFE, throw by CF made to third Alex Vasquez to second
|
Batting: RHB Tai Joo
|
0-0: Called Strike 0-1: Ball 1-1: Ball 2-1: Called Strike 2-2: Ground out U3 (Groundball, 34, EV 85.6 MPH) Scott Travis scores Alex Vasquez to third
|
Batting: RHB Joe Smack
|
0-0: Ball 1-0: Ball 2-0: DOUBLE (Line Drive, 7LM, EV 99.4 MPH) Alex Vasquez scores
|
Batting: LHB Steve Reinhart
|
0-0: Called Strike 0-1: Called Strike 0-2: DOUBLE (Flyball, 89D, EV 94.4 MPH) Joe Smack scores
|
Pitching: RHP Jose Herrera
|
|
Batting: RHB Andy Swaim
|
0-0: Called Strike 0-1: 2-RUN HOME RUN (Flyball, 78XD, EV 109.4 MPH), Distance : 401 ft
|
Batting: SHB Salvador Aragon
|
0-0: Called Strike 0-1: Foul Ball, location: 2F 0-2: Ground out 4-3 (Groundball, 4, EV 88.8 MPH)
|
Top of the 1st over - 10 runs, 8 hits, 1 error, 0 left on base; Reno 10 - Las Vegas 0 |
BOTTOM OF THE 1ST |
Las Vegas 51s batting - Pitching for Reno Aces : LHP Rene Eenkhoorn
|
Pitching: LHP Rene Eenkhoorn
|
|
Batting: LHB Adam Hairston
|
0-0: Ball 1-0: SINGLE (Line Drive, 4MD, EV 106.9 MPH)
|
Batting: SHB Jason Evans
|
0-0: Called Strike 0-1: Called Strike 0-2: Strikes out swinging
|
Batting: RHB Steven Romanovsky
|
0-0: Called Strike 0-1: Fly out, F8 (Flyball, 78M, EV 76.2 MPH)
|
Batting: SHB Josh Schultze
|
0-0: Ball 1-0: Ball 2-0: Called Strike 2-1: Foul Ball, location: 2F 2-2: Strikes out swinging
|
Bottom of the 1st over - 0 runs, 1 hit, 0 errors, 1 left on base; Reno 10 - Las Vegas 0 |
TOP OF THE 2ND |
Reno Aces batting - Pitching for Las Vegas 51s : RHP Jose Herrera
|
Batting: LHB Jeff Densmore
|
0-0: Called Strike 0-1: Ball 1-1: Ball 2-1: Foul Ball, location: 2F 2-2: Ball 3-2: Base on Balls
|
Batting: RHB Mario Soto
|
0-0: Fielders Choice at 2nd, 2-4 (Groundball, 15S, EV 68.1 MPH)
|
Batting: RHB Scott Travis
|
0-0: SINGLE (Line Drive, 89S, EV 108.1 MPH) Mario Soto to second
|
Batting: RHB Alex Vasquez
|
0-0: Called Strike 0-1: Called Strike 0-2: Ball 1-2: Ball 2-2: Ball 3-2: Foul Ball, location: 2F 3-2: Base on Balls Mario Soto to third Scott Travis to second
|
Batting: RHB Tai Joo
|
0-0: Grounds into double play, 6-4-3 (Groundball, 6, EV 103.1 MPH)
|
Top of the 2nd over - 0 runs, 1 hit, 0 errors, 2 left on base; Reno 10 - Las Vegas 0 |
BOTTOM OF THE 2ND |
Las Vegas 51s batting - Pitching for Reno Aces : LHP Rene Eenkhoorn
|
Batting: LHB David McNair
|
0-0: Called Strike 0-1: Ball 1-1: SOLO HOME RUN (Flyball, 9D, EV 98.1 MPH), Distance : 367 ft
|
Batting: RHB Seth Daniel
|
0-0: Fly out, F9 (Flyball, 9LD, EV 82.5 MPH)
|
Batting: RHB Steve Page
|
0-0: Foul Ball, location: 2F 0-1: Ball 1-1: Foul Ball, location: 2F 1-2: Ball 2-2: Ball 3-2: Base on Balls
|
Batting: LHB Marc Durgin
|
0-0: Foul Ball, location: 2F 0-1: Ball 1-1: Called Strike 1-2: Ball 2-2: SINGLE (Groundball, 6D, EV 103.1 MPH) Steve Page to second
|
Batting: RHB Leon Edwards
|
0-0: Ball 1-0: Ball 2-0: Ball 3-0: Called Strike 3-1: Called Strike 3-2: Grounds into double play, 6-4-3 (Groundball, 6, EV 84.4 MPH)
|
Bottom of the 2nd over - 1 run, 2 hits, 0 errors, 1 left on base; Reno 10 - Las Vegas 1 |
TOP OF THE 3RD |
Reno Aces batting - Pitching for Las Vegas 51s : RHP Jose Herrera
|
Batting: RHB Joe Smack
|
0-0: SINGLE (Line Drive, 78S, EV 99.4 MPH)
|
Batting: LHB Steve Reinhart
|
0-0: Ball 1-0: Called Strike 1-1: Fielders Choice at 2nd, 4-6 (Groundball, 4, EV 88.8 MPH)
|
Batting: RHB Andy Swaim
|
Pickoff Throw to First - Out! 1-3 0-0: Ball 1-0: Ball 2-0: Ball 3-0: Called Strike 3-1: Base on Balls
|
Batting: SHB Salvador Aragon
|
0-0: Called Strike 0-1: Ball 1-1: Ball 2-1: Ball 3-1: Swinging Strike 3-2: Strikes out swinging
|
Top of the 3rd over - 0 runs, 1 hit, 0 errors, 1 left on base; Reno 10 - Las Vegas 1 |
BOTTOM OF THE 3RD |
Las Vegas 51s batting - Pitching for Reno Aces : LHP Rene Eenkhoorn
|
Batting: LHB Adam Hairston
|
0-0: SINGLE (Groundball, 34D, EV 108.1 MPH) (infield hit)
|
Batting: SHB Jason Evans
|
0-0: Ball 1-0: Called Strike 1-1: Swinging Strike 1-2: Strikes out swinging
|
Batting: RHB Steven Romanovsky
|
0-0: Ball Passed Ball! Adam Hairston to second 1-0: Ball 2-0: Ground out 4-3 (Groundball, 4, EV 86.9 MPH) Adam Hairston to third
|
Batting: SHB Josh Schultze
|
0-0: Ball 1-0: Called Strike 1-1: Swinging Strike 1-2: Ball 2-2: Strikes out looking
|
Bottom of the 3rd over - 0 runs, 1 hit, 0 errors, 1 left on base; Reno 10 - Las Vegas 1 |
TOP OF THE 4TH |
Reno Aces batting - Pitching for Las Vegas 51s : RHP Jose Herrera
|
Batting: LHB Jeff Densmore
|
0-0: Ball 1-0: Ball 2-0: Foul Ball, location: 2F 2-1: Ball 3-1: Foul Ball, location: 2F 3-2: Strikes out looking
|
Batting: RHB Mario Soto
|
0-0: Ball 1-0: Fly out, F9 (Flyball, 89S, EV 82.5 MPH)
|
Batting: RHB Scott Travis
|
0-0: Ball 1-0: Swinging Strike 1-1: Ball 2-1: Ball 3-1: Base on Balls
|
Batting: RHB Alex Vasquez
|
0-0: Called Strike 0-1: Foul Ball, location: 2F 0-2: Ball 1-2: Strikes out swinging, 2-3 out at first.
|
Top of the 4th over - 0 runs, 0 hits, 0 errors, 1 left on base; Reno 10 - Las Vegas 1 |
BOTTOM OF THE 4TH |
Las Vegas 51s batting - Pitching for Reno Aces : LHP Rene Eenkhoorn
|
Batting: LHB David McNair
|
0-0: Ball 1-0: Ball 2-0: Foul Ball, location: 2F 2-1: Swinging Strike 2-2: Ball 3-2: Strikes out looking
|
Batting: RHB Seth Daniel
|
0-0: Called Strike 0-1: Called Strike 0-2: Ground out 5-3 (Groundball, 56S, EV 85.6 MPH)
|
Batting: RHB Steve Page
|
0-0: Ball 1-0: Ball 2-0: Ball 3-0: Called Strike 3-1: Called Strike 3-2: Foul Ball, location: 2F 3-2: Ground out 5-3 (Groundball, 56S, EV 64.4 MPH)
|
Bottom of the 4th over - 0 runs, 0 hits, 0 errors, 0 left on base; Reno 10 - Las Vegas 1 |
TOP OF THE 5TH |
Reno Aces batting - Pitching for Las Vegas 51s : RHP Jose Herrera
|
Batting: RHB Tai Joo
|
0-0: Ground out 6-3 (Groundball, 6, EV 87.5 MPH)
|
Batting: RHB Joe Smack
|
0-0: Swinging Strike 0-1: Ball 1-1: Swinging Strike 1-2: Strikes out looking
|
Batting: LHB Steve Reinhart
|
0-0: Ball 1-0: Ball 2-0: Called Strike 2-1: SINGLE (Groundball, 4MD, EV 97.5 MPH)
|
Batting: RHB Andy Swaim
|
0-0: Ball 1-0: Foul Ball, location: 2F 1-1: Swinging Strike 1-2: Ball 2-2: SINGLE (Flyball, 34D, EV 92.5 MPH) Steve Reinhart to second
|
Pitching: RHP Ian Wright
|
|
Batting: SHB Salvador Aragon
|
0-0: SINGLE (Line Drive, 6D, EV 95.6 MPH) Steve Reinhart to third Andy Swaim to second Runner from 3rd tries for Home, SAFE, throw by LF to trailing runner, OUT at third! 7-3-5
|
Top of the 5th over - 1 run, 3 hits, 0 errors, 1 left on base; Reno 11 - Las Vegas 1 |
BOTTOM OF THE 5TH |
Las Vegas 51s batting - Pitching for Reno Aces : LHP Rene Eenkhoorn
|
Batting: LHB Marc Durgin
|
0-0: Called Strike 0-1: Ball 1-1: Ball 2-1: Foul Ball, location: 2F 2-2: Foul Ball, location: 2F 2-2: Ball 3-2: Base on Balls
|
Batting: RHB Leon Edwards
|
0-0: Called Strike 0-1: Ball 1-1: Foul Ball, location: 2F 1-2: Strikes out swinging
|
Batting: LHB Adam Hairston
|
0-0: Ball 1-0: Ball 2-0: Called Strike 2-1: Fielders Choice at 2nd, 5-4 (Groundball, 56D, EV 80.0 MPH)
|
Batting: SHB Jason Evans
|
0-0: Ball 1-0: Called Strike 1-1: Called Strike 1-2: SINGLE (Groundball, 5S, EV 66.9 MPH) (infield hit) Adam Hairston to second
|
Batting: RHB Steven Romanovsky
|
0-0: Foul Ball, location: 2F 0-1: Called Strike 0-2: Ball 1-2: Strikes out swinging
|
Bottom of the 5th over - 0 runs, 1 hit, 0 errors, 2 left on base; Reno 11 - Las Vegas 1 |
TOP OF THE 6TH |
Reno Aces batting - Pitching for Las Vegas 51s : RHP Ian Wright
|
Batting: LHB Jeff Densmore
|
0-0: Swinging Strike 0-1: Swinging Strike 0-2: Ball 1-2: Strikes out swinging
|
Batting: RHB Mario Soto
|
0-0: Foul Ball, location: 2F 0-1: Ball 1-1: Swinging Strike 1-2: Ball 2-2: Strikes out swinging
|
Batting: RHB Scott Travis
|
0-0: Ball 1-0: Swinging Strike 1-1: Swinging Strike 1-2: SINGLE (Groundball, 56D, EV 97.5 MPH)
|
Batting: RHB Alex Vasquez
|
0-0: Called Strike 0-1: Fly out, F8 (Line Drive, 8LD, EV 94.4 MPH)
|
Top of the 6th over - 0 runs, 1 hit, 0 errors, 1 left on base; Reno 11 - Las Vegas 1 |
BOTTOM OF THE 6TH |
Las Vegas 51s batting - Pitching for Reno Aces : LHP Rene Eenkhoorn
|
Batting: SHB Josh Schultze
|
0-0: Ball 1-0: Ball 2-0: Ball 3-0: Base on Balls
|
Batting: LHB David McNair
|
0-0: SINGLE (Groundball, 4MD, EV 99.4 MPH) Josh Schultze to second
|
Batting: RHB Seth Daniel
|
0-0: Ball 1-0: Foul Ball, location: 2F 1-1: Ball 2-1: Foul Ball, location: 2F 2-2: Foul Ball, location: 2F 2-2: Strikes out swinging
|
Pitching: RHP Josh Pugh
|
|
Batting: RHB Steve Page
|
0-0: Ball 1-0: Foul Ball, location: 2F 1-1: Ball 2-1: Ball 3-1: Foul Ball, location: 2F 3-2: Strikes out swinging
|
Batting: LHB Marc Durgin
|
0-0: Called Strike 0-1: Swinging Strike 0-2: Ground out U3 (Groundball, 23, EV 89.4 MPH)
|
Bottom of the 6th over - 0 runs, 1 hit, 0 errors, 2 left on base; Reno 11 - Las Vegas 1 |
TOP OF THE 7TH |
Reno Aces batting - Pitching for Las Vegas 51s : RHP Ian Wright
|
Batting: RHB Tai Joo
|
0-0: Foul Ball, location: 2F 0-1: Foul Ball, location: 2F 0-2: Foul Ball, location: 2F 0-2: Ball 1-2: Strikes out swinging
|
Pinch Hitting: RHB Omar Arroyo
|
0-0: Ball 1-0: Swinging Strike 1-1: SINGLE (Flyball, 7LS, EV 95.6 MPH)
|
Batting: LHB Steve Reinhart
|
0-0: SINGLE (Flyball, 6D, EV 91.2 MPH) Omar Arroyo to second Omar Arroyo to third
|
Batting: RHB Andy Swaim
|
0-0: Called Strike 0-1: Fielders Choice at 2nd, 4-6 (Groundball, 4, EV 102.5 MPH) Omar Arroyo scores
|
Pinch Hitting: RHB Bill Morgan
|
0-0: Ball 1-0: Swinging Strike 1-1: Called Strike 1-2: DOUBLE (Line Drive, 7LD, EV 103.8 MPH) Andy Swaim to third Runner from 3rd tries for Home, SAFE, throw by LF to home
|
Batting: LHB Jeff Densmore
|
0-0: Called Strike 0-1: Swinging Strike 0-2: Ball 1-2: Ball 2-2: Strikes out swinging
|
Top of the 7th over - 2 runs, 3 hits, 0 errors, 1 left on base; Reno 13 - Las Vegas 1 |
BOTTOM OF THE 7TH |
Las Vegas 51s batting - Pitching for Reno Aces : RHP Josh Pugh
|
Now in LF: Omar Arroyo
|
|
Now in CF: Jeff Densmore
|
|
Now in RF: Bill Morgan
|
|
Batting: RHB Leon Edwards
|
0-0: Ball 1-0: Ball 2-0: SINGLE (Groundball, 6MD, EV 107.5 MPH)
|
Batting: LHB Adam Hairston
|
0-0: Ball 1-0: Ball 2-0: Swinging Strike 2-1: Ball 3-1: Foul Ball, location: 2F 3-2: TRIPLE (Line Drive, 89XD, EV 109.4 MPH) Leon Edwards scores
|
Batting: SHB Jason Evans
|
0-0: Foul Ball, location: 2F 0-1: SINGLE (Groundball, 34D, EV 111.2 MPH) Adam Hairston scores
|
Batting: RHB Steven Romanovsky
|
0-0: Called Strike 0-1: Ball 1-1: Foul Ball, location: 2F 1-2: Ground out 5-3 (Groundball, 56S, EV 70.0 MPH) Jason Evans to second
|
Batting: SHB Josh Schultze
|
0-0: Ball 1-0: Ball 2-0: Called Strike 2-1: Ball 3-1: Base on Balls
|
Batting: LHB David McNair
|
0-0: Called Strike 0-1: Ball 1-1: Ball 2-1: Called Strike 2-2: Fly out, F4 (Popup, 4, EV 74.4 MPH)
|
Batting: RHB Seth Daniel
|
0-0: Ball 1-0: Ball 2-0: Called Strike 2-1: Foul Ball, location: 2F 2-2: Foul Ball, location: 2F 2-2: Ball 3-2: Base on Balls Jason Evans to third Josh Schultze to second
|
Batting: RHB Steve Page
|
0-0: Called Strike 0-1: Ball 1-1: Ball 2-1: Ball Passed Ball! Jason Evans scores Josh Schultze to third Seth Daniel to second 3-1: Base on Balls
|
Batting: LHB Marc Durgin
|
0-0: Ball 1-0: Called Strike 1-1: Ball 2-1: SINGLE (Groundball, 56D, EV 101.9 MPH) Josh Schultze scores Seth Daniel to third Steve Page to second Runner from 3rd tries for Home, SAFE, throw by LF to home
|
Pitching: RHP Tyler Deloatch
|
|
Batting: RHB Leon Edwards
|
0-0: Fly out, F8 (Line Drive, 8RM, EV 96.2 MPH)
|
Bottom of the 7th over - 5 runs, 4 hits, 0 errors, 2 left on base; Reno 13 - Las Vegas 6 |
TOP OF THE 8TH |
Reno Aces batting - Pitching for Las Vegas 51s : RHP Ian Wright
|
Batting: RHB Mario Soto
|
0-0: Called Strike 0-1: Fly out, F9 (Flyball, 9, EV 90.6 MPH)
|
Batting: RHB Scott Travis
|
0-0: Foul Ball, location: 2F 0-1: Ball 1-1: Ball 2-1: Swinging Strike 2-2: Strikes out swinging
|
Batting: RHB Alex Vasquez
|
0-0: Ball 1-0: Ball 2-0: Ground out 4-3 (Groundball, 4, EV 88.1 MPH)
|
Top of the 8th over - 0 runs, 0 hits, 0 errors, 0 left on base; Reno 13 - Las Vegas 6 |
BOTTOM OF THE 8TH |
Las Vegas 51s batting - Pitching for Reno Aces : RHP Tyler Deloatch
|
Batting: LHB Adam Hairston
|
0-0: Ball 1-0: Ball 2-0: Ball 3-0: Base on Balls
|
Batting: SHB Jason Evans
|
0-0: Ball 1-0: Grounds into double play, 3-6-3 (Groundball, 3, EV 85.0 MPH)
|
Batting: RHB Steven Romanovsky
|
0-0: Called Strike 0-1: Ball 1-1: Ball 2-1: Ball 3-1: Base on Balls
|
Batting: SHB Josh Schultze
|
0-0: Called Strike 0-1: Fly out, F6 (Flyball, 56D, EV 87.5 MPH)
|
Bottom of the 8th over - 0 runs, 0 hits, 0 errors, 1 left on base; Reno 13 - Las Vegas 6 |
TOP OF THE 9TH |
Reno Aces batting - Pitching for Las Vegas 51s : RHP Ian Wright
|
Pitching: RHP Ryan Wilson
|
|
Batting: RHB Tai Joo
|
0-0: Called Strike 0-1: Foul Ball, location: 2F 0-2: Ball 1-2: Strikes out swinging
|
Batting: RHB Omar Arroyo
|
0-0: Called Strike 0-1: Foul Ball, location: 2F 0-2: Ball 1-2: Ground out 5-3 (Groundball, 56, EV 110.6 MPH)
|
Batting: LHB Steve Reinhart
|
0-0: SINGLE (Groundball, 5S, EV 65.6 MPH) (infield hit)
|
Batting: RHB Andy Swaim
|
0-0: Ball 1-0: Swinging Strike 1-1: Foul Ball, location: 2F 1-2: Ball 2-2: Ball 3-2: Ground out U3 (Groundball, 3, EV 106.2 MPH)
|
Top of the 9th over - 0 runs, 1 hit, 0 errors, 1 left on base; Reno 13 - Las Vegas 6 |
BOTTOM OF THE 9TH |
Las Vegas 51s batting - Pitching for Reno Aces : RHP Tyler Deloatch
|
Batting: LHB David McNair
|
0-0: Called Strike 0-1: Ball 1-1: Ground out 5-3 (Groundball, 56S, EV 71.9 MPH)
|
Batting: RHB Seth Daniel
|
0-0: Called Strike 0-1: Ball 1-1: Fly out, F7 (Line Drive, 7, EV 99.4 MPH)
|
Batting: RHB Steve Page
|
0-0: Foul Ball, location: 2F 0-1: Swinging Strike 0-2: Ground out 6-3 (Groundball, 6, EV 106.2 MPH)
|
Bottom of the 9th over - 0 runs, 0 hits, 0 errors, 0 left on base; Reno 13 - Las Vegas 6 |
|